Map: Ultralove

Players

Classic - Winner!

  • Race: Protoss Protoss
  • Spawn Location: 1:00

Serral

  • Race: Zerg Zerg
  • Spawn Location: 7:00

Event: Esports World Cup 2025

VOD

Have the link to the VOD?

Description

Time

  • Played on: July 25, 2025, 11:49 a.m.
  • Length: 8:12

All games in this series

Show
View Real Time Build Order
Export as new Build Order

Classic Protoss - Winner!

Build Orders: 1 Gate Expand, Oracle Opening 

Get SALT Encoding   

  12  0:00  Probe  
  13  0:12  Probe  
  14  0:18  Pylon  
  14  0:24  Probe  
  15  0:32  Probe  
  15  0:38  Gateway  
  15  0:40  Probe  
  16  0:47  Assimilator  
  17  0:51  Probe  
  18  1:03  Probe  
  19  1:15  Probe  
  20  1:22  Nexus  
  20  1:33  Cybernetics Core  
  20  1:36  Probe  
  21  1:43  Assimilator  
  21  1:48  Probe  
  21  1:52  Pylon  
  22  2:00  Probe, Adept  
  23  2:12  Probe  
  23  2:14  Stargate  
  26  2:24  Probe  
  26  2:25  Warp Gate  
  27  2:33  Probe  
  27  2:34  Pylon, Adept  
  29  2:37  Probe  
  29  2:41  Probe  
  31  2:45  Probe  
  33  2:51  Probe  
  33  2:55  Probe  
  35  3:01  Oracle  
  35  3:03  Probe  
  39  3:10  Probe  
  40  3:14  Gateway  
  40  3:15  Probe  
  41  3:22  Probe  
  42  3:28  Probe  
  42  3:31  Twilight Council  
  43  3:34  Probe  
  43  3:40  Probe  
  45  3:43  Oracle  
  45  3:45  Resonating Glaives  
  48  3:49  Nexus  
  48  3:52  Pylon  
  48  4:02  Gateway  
  48  4:04  Gateway  
  48  4:06  Probe x2  
  50  4:17  Assimilator  
  50  4:18  Assimilator  
  50  4:19  Stalker  
  50  4:23  Adept  
  54  4:25  Probe x2  
  56  4:32  Pylon  
  56  4:37  Probe x2  
  58  4:44  Adept  
  58  4:45  Adept  
  62  4:50  Probe x2  
  64  5:02  Probe x2  
  64  5:04  Probe  
  67  5:07  Adept x4  
  67  5:10  Blink  
  75  5:14  Probe x2  
  75  5:16  Probe  
  75  5:19  Pylon  
  78  5:26  Probe x2  
  78  5:28  Probe  
  81  5:38  Probe x2  
  81  5:42  Adept x4  
  87  5:43  Probe  
  87  5:47  Probe x2  
  86  5:50  Gateway  
  86  5:51  Gateway, Probe  
  86  5:52  Forge  
  86  5:55  Probe x2  
  87  5:59  Probe  
  88  6:04  Probe  
  88  6:05  Probe  
  88  6:10  Stalker x2  
  92  6:13  Templar Archives  
  92  6:16  Oracle, Stalker x2  
  92  6:18  Shield Battery  
  89  6:24  Shield Battery, Assimilator  
  89  6:26  Photon Cannon  
  89  6:29  Pylon  
  89  6:33  Assimilator  
  89  6:36  Stalker x2  
  89  6:39  Photon Cannon  
  93  6:41  Pylon  
  93  6:42  Shield Battery  
  93  6:50  Stalker  
  93  6:53  Pylon, Stalker x2  
  99  6:56  Pylon  
  99  6:59  Stalker  
  101  7:03  Stalker x2  
  105  7:08  Gateway  
  105  7:15  Stalker  
  107  7:17  Stalker x2  
  105  7:22  Shield Battery  
  105  7:24  Shield Battery  
  105  7:26  Shield Battery  
  105  7:27  Stalker  
  105  7:28  Stalker x2  
  111  7:41  Stalker x3  
  96  7:52  Gateway  
  96  7:53  Pylon  
  96  7:54  Stalker x3  
Show
View Real Time Build Order
Export as new Build Order

Serral Zerg 

Build Orders: Hatch First 

Get SALT Encoding   

  12  0:00  Drone  
  13  0:08  Drone  
  14  0:14  Drone, Extractor  
  15  0:21  Overlord  
  15  0:41  Drone  
  16  0:45  Hatchery  
  16  0:49  Drone  
  16  0:52  Drone  
  16  0:56  Drone  
  18  1:06  Extractor  
  17  1:11  Spawning Pool  
  17  1:14  Drone  
  17  1:18  Drone  
  18  1:27  Drone  
  19  1:38  Drone  
  20  1:48  Drone  
  21  1:58  Queen x2  
  21  1:59  Zergling x2  
  21  2:00  Overlord  
  26  2:09  Zergling x2  
  26  2:10  Drone  
  26  2:12  Metabolic Boost  
  28  2:18  Drone  
  28  2:20  Drone  
  30  2:30  Drone  
  30  2:34  Queen  
  33  2:43  Hatchery  
  32  2:49  Overlord  
  32  2:51  Drone  
  33  2:53  Drone  
  33  2:57  Drone  
  35  2:59  Overlord  
  35  3:06  Spore Crawler  
  35  3:10  Drone  
  35  3:12  Drone x4  
  40  3:16  Queen  
  42  3:23  Spore Crawler  
  41  3:27  Drone x2  
  41  3:28  Drone x2  
  46  3:34  Drone  
  46  3:41  Overlord  
  46  3:42  Drone x2  
  46  3:43  Drone x4  
  52  3:50  Spore Crawler  
  52  3:51  Zergling x2  
  52  3:55  Queen  
  54  3:58  Drone  
  54  4:00  Drone x2  
  57  4:04  Overlord  
  57  4:07  Drone  
  57  4:09  Drone  
  59  4:11  Drone  
  59  4:12  Drone  
  59  4:15  Drone x3  
  64  4:21  Roach Warren  
  63  4:26  Drone x4  
  63  4:27  Drone  
  63  4:30  Lair  
  68  4:34  Overlord  
  68  4:35  Overlord  
  68  4:38  Zergling x2, Extractor  
  69  4:39  Extractor  
  69  4:40  Spore Crawler  
  69  4:41  Drone  
  69  4:44  Drone  
  69  4:45  Drone x2  
  70  4:47  Drone  
  70  4:48  Drone x2  
  70  4:50  Overlord  
  73  4:54  Drone x2  
  75  5:00  Drone  
  75  5:02  Extractor  
  75  5:03  Drone  
  75  5:05  Drone x2  
  77  5:07  Roach  
  77  5:08  Roach  
  77  5:09  Roach  
  77  5:14  Evolution Chamber, Roach x3  
  89  5:19  Overlord x4  
  88  5:21  Overlord  
  88  5:22  Extractor  
  88  5:27  Evolution Chamber  
  86  5:29  Roach  
  86  5:30  Roach  
  86  5:32  Zergling x2  
  89  5:40  Roach x4  
  91  5:44  Pneumatized Carapace  
  91  5:49  Roach x4  
  94  6:02  Evolution Chamber  
  92  6:04  Overlord x3  
  92  6:05  Overlord  
  92  6:11  Overlord x2  
  87  6:15  Zergling x6  
  87  6:16  Zergling x2  
  88  6:19  Zergling x2  
  88  6:26  Zergling x4  
  88  6:29  Zergling x2  
  91  6:32  Ravager  
  91  6:33  Ravager x2  
  91  6:36  Zergling x2  
  91  6:37  Ravager  
  96  6:45  Zergling x6  
  99  6:52  Zergling x10  
  104  6:55  Zergling x4  
  104  6:58  Ravager x3  
  107  7:11  Zergling x10  
  104  7:16  Zergling x2  
  104  7:17  Zergling x2  
  104  7:22  Zergling x4  
  100  7:23  Ravager  
  100  7:24  Ravager  
  98  7:31  Zergling x4  
  96  7:37  Zergling x6  
  96  7:39  Roach x2  
  85  7:45  Zergling x6  
  85  7:46  Ravager x2  
  78  7:51  Zergling x2  
Tags
 
Add a new tag
Caveats
  • Supply blocks, unpowered buildings, or Contaminate may cause inaccurate times.
  • Supply counts are checked every 10 seconds.